 Dungeon Crawl Stone Soup version 0.29.1-2-gbd0b4ee654 (webtiles) character file.

Game seed: 7670358365055446191

26672 leafyfresh the Covert (level 13, 0/104 HPs)
             Began as a Gnoll Delver on Nov 12, 2022.
             Was a High Priest of Okawaru.
             Slain by a tentacled starspawn (32 damage)
             ... on level 2 of the Abyss.
             The game lasted 00:49:33 (22186 turns).

leafyfresh the Covert (Gnoll Delver)               Turns: 22186, Time: 00:49:34

Health: 0/104      AC: 10    Str: 11    XL:     13   Next: 27%
Magic:  21/25      EV: 22    Int: 10    God:    Okawaru [*****.]
Gold:   1499       SH:  0    Dex: 19    Spells: 14/28 levels left

rFire   + + .      SeeInvis .   t - +10 falchion of Deepnuth {vorpal, rN++}
rCold   + . .      Faith    .   (no shield)
rNeg    + + +      Spirit   .   F - +0 steam dragon scales
rPois   +          Reflect  .   f - +1 hat "Qozuizes" {rPois rN+}
rElec   +          Harm     .   (no cloak)
rCorr   +          Rampage  .   (no gloves)
Will    .....                   R - +0 pair of boots
Stlth   +++++++...              q - amulet of the acrobat
HPRegen 0.27/turn               x - ring of protection from fire
MPRegen 0.19/turn               (no ring)

@: resistant, heroic, finesse-ful, studying Earth Magic
A: fangs 1, strong nose, distributed training, screaming 1
a: Renounce Religion, Heroism, Finesse, Duel


You were on level 2 of the Abyss.
You worshipped Okawaru.
Okawaru was extremely pleased with you.
You visited 2 branches of the dungeon, and saw 13 of its levels.
You visited the Abyss 1 time.

You collected 1875 gold pieces.
You spent 376 gold pieces at shops.

Inventory:

Hand Weapons
 i - a +5 lajatang of electrocution
 j - a +5 dagger of speed
 o - a +4 spear
 t - the +10 falchion of Deepnuth (weapon) {vorpal, rN++}
   (You bought it in a shop on level 3 of the Dungeon)

   It inflicts extra damage upon your enemies.
   rN:        It greatly protects you from negative energy.
Missiles
 u - 9 poisoned darts
 y - 11 atropa-tipped darts (quivered)
 D - 3 silver javelins
 L - 4 throwing nets
 T - a javelin
Armour
 b - a +0 leather armour
 f - the +1 hat "Qozuizes" (worn) {rPois rN+}
   (Okawaru gifted it to you on level 2 of the Abyss)

   rPois:     It protects you from poison.
   rN:        It protects you from negative energy.
 s - a +0 kite shield
 v - a +2 robe of fire resistance
 E - a +0 helmet
 F - +0 steam dragon scales (worn)
 J - a +1 robe of cold resistance
 N - a +1 scale mail of cold resistance
 P - an orb of mayhem
 R - a +0 pair of boots (worn)
 S - a +2 robe of positive energy
 V - a +1 hat of willpower
Jewellery
 q - an amulet of the acrobat (around neck)
 x - a ring of protection from fire (left hand)
 H - a ring of fire
Wands
 a - a wand of polymorph (9)
 g - a wand of digging (3)
 p - a wand of roots (10)
 B - a wand of flame (25)
 O - a wand of charming (4)
Scrolls
 c - 3 scrolls of fog
 d - 2 scrolls of magic mapping
 e - 3 scrolls of fear
 h - 2 scrolls of enchant weapon
 k - 6 scrolls of amnesia
 r - a scroll of torment
 z - a scroll of poison
 K - a scroll of immolation
 U - a scroll of silence
Potions
 l - 5 potions of lignification
 m - 3 potions of flight
 A - 2 potions of brilliance
 C - 2 potions of ambrosia {unknown}
 G - a potion of invisibility {unknown}
 I - 2 potions of attraction {unknown}
 Q - 3 potions of berserk rage {unknown}


   Skills:
 + Level 10.7(15.7) Fighting
 + Level 8.4(13.4) Short Blades
 + Level 9.7(14.7) Long Blades
 + Level 8.4(13.4) Axes
 + Level 8.4(13.4) Maces & Flails
 + Level 8.4(13.4) Polearms
 + Level 8.4(13.4) Staves
 + Level 8.4(13.4) Ranged Weapons
 + Level 8.4(13.4) Throwing
 + Level 8.4(13.4) Armour
 + Level 9.7(14.7) Dodging
 + Level 12.6(17.6) Stealth
 + Level 8.4(13.4) Shields
 + Level 8.4(13.4) Unarmed Combat
 + Level 8.4 Spellcasting
 + Level 7.0 Conjurations
 + Level 7.0 Hexes
 + Level 7.0 Summonings
 + Level 7.0 Necromancy
 + Level 7.0 Translocations
 + Level 7.0 Transmutations
 + Level 7.0 Fire Magic
 + Level 7.0 Ice Magic
 + Level 7.0 Air Magic
 + Level 9.0 Earth Magic
 + Level 7.0 Poison Magic
 + Level 9.2 Invocations
 + Level 8.4 Evocations


You had 14 spell levels left.
You knew the following spells:

 Your Spells              Type           Power      Damage    Failure   Level
a - Mephitic Cloud        Conj/Pois/Air  18%        N/A       2%          3
b - Conjure Flame         Conj/Fire      18%        6-21      2%          3
c - Ignite Poison         Fire/Tmut/Pois 18%        N/A       2%          3
d - Olgreb's Toxic Radia  Pois           18%        N/A       9%          4
e - Apportation           Tloc           36%        N/A       1%          1

Your spell library contained the following spells:

 Spells                   Type           Power      Damage    Failure   Level
 Foxfire                  Conj/Fire      72%        2x1d7     1%          1
 Magic Dart               Conj           72%        1d6       1%          1
 Sting                    Tmut/Pois      72%        1d6       1%          1
 Poisonous Vapours        Pois/Air       36%        N/A       1%          2
 Sublimation of Blood     Necr           18%        N/A       1%          2
 Wereblood                Tmut           18%        N/A       1%          2
 Dazzling Flash           Conj/Hex       36%        N/A       2%          3
 Gell's Gravitas          Tloc           18%        N/A       2%          3
 Inner Flame              Hex/Fire       18%        N/A       2%          3
 Teleport Other           Tloc           18%        N/A       2%          3
 Corpse Rot               Necr/Pois/Air  18%        N/A       9%          4
 Flame Wave               Conj/Fire      18%        2d7       9%          4
 Iskenderun's Mystic Bla  Conj/Tloc      18%        2d6       9%          4
 Sticky Flame             Conj/Fire      18%        2d4       9%          4
 Alistair's Intoxication  Tmut/Pois      12%        N/A       24%         5
 Dispersal                Tloc           9%         N/A       80%         6
 Starburst                Conj/Fire      9%         6d5       80%         6
 Call Imp                 Summ           Unusable   N/A       N/A         2
 Summon Hydra             Summ           Unusable   N/A       N/A         7

Dungeon Overview and Level Annotations

Branches:
Dungeon (12/15)            Temple (0/1) D:4            Lair (1/5) D:11
    Orc (0/2) D:12

Altars:
Dithmenos
Elyvilon
Fedhas
Hepliaklqana
Kikubaaqudgha
Okawaru
Ru
Trog
Vehumet
Wu Jian
Yredelemnul
Zin

Shops:
D:3 (   D:4 ?   D:5 ?

Annotations:
D:9 exclusion: statue
D:11 Sonja
D:12 3 runed translucent doors, Nergalle; qeuew's ghost, journeyman SpEn


Innate Abilities, Weirdness & Mutations

You have very sharp teeth.
Your uncanny sense of smell can sniff out nearby items.
Your experience applies equally to all skills.
You occasionally shout uncontrollably at your foes.


Message History

You howl at the thrashing horror!
The thrashing horror moves out of view.
You hear a roar!
The flying skull gives a hideous shriek!
You hear a roar!
You hear a shout!
You hear a hideous shriek!
You slash the tentacled starspawn!
You bite the tentacled starspawn, but do no damage.
The tentacled starspawn is lightly damaged.
You slash the tentacled starspawn!
You bite the tentacled starspawn, but do no damage.
The tentacled starspawn is moderately damaged.
A thrashing horror comes into view.
A starcursed mass splits.
Tentacles burst from the starspawn's body! 2 starspawn tentacles come into view.
You barely miss the tentacled starspawn.
You bite the tentacled starspawn, but do no damage.
The tentacled starspawn is moderately damaged.
A large abomination comes into view.
Unknown command.
You slash the tentacled starspawn!
The tentacled starspawn is heavily damaged.
Unknown command.
You hit the tentacled starspawn but do no damage.
You bite the tentacled starspawn, but do no damage.
The tentacled starspawn is heavily damaged.
A chorus of shrieks assaults your mind. The smoke demon gestures at you.
Something smites you!
The tentacled starspawn barely misses you.
The tentacled starspawn misses you.
You hit the tentacled starspawn.
The tentacled starspawn is heavily damaged.
The starspawn tentacle completely misses you.
The starspawn tentacle closely misses you.
Unknown command.
You feel protected.
The thrashing horror barely misses you. x2; The thrashing horror misses you. x2
You feel yourself growing ill in the presence of the ancient zyme.
The thrashing horror barely misses you. The thrashing horror misses you.
The tentacled starspawn bites you!!
You die...

.#
.#.#.#....##
# #.
#....#.... #
# X .X.#..
.# ..X. # 3#
. #.##..##
.# z.
#.##.###.# #
# # #
#XX#....#
#.#Xw...# #
##.w@# ## #
. ###XX# ...
#...## . 5
###.## . #
#.z.## .
........X.#
. #. ...X...
. .#x.. #.
.#...#.. .#


You could see 2 starcursed masses, a tentacled starspawn, an ancient zyme
(wandering), 2 thrashing horrors, 2 large abominations, a smoke demon, 2
starspawn tentacles and a flying skull.

Vanquished Creatures
  A shard shrike zombie (Abyss:2)
  Gastronok (D:12)
  A yellow draconian (Abyss:2)
  Josephine (D:11)
  A rakshasa (Abyss:2)
  Harold (D:11)
  A two-headed ogre (D:11)
  A wretched star (Abyss:2)
  An iron giant zombie (Abyss:2)
  A flayed ghost (Abyss:2)
  A glowing orange brain (Abyss:2)
  4 deep elf pyromancers
  A cyclops (D:11)
  3 ugly things
  Joseph (D:8)
  2 gargoyles (D:11)
  A naga skeleton (Abyss:1)
  2 apocalypse crabs (Abyss:2)
  4 large abominations
  A cane toad (shapeshifter) (Abyss:2)
  An unseen horror (D:11)
  2 ancient zymes (Abyss:2)
  2 trolls (D:11)
  A hornet (D:8)
  11 yaks
  A shadow (D:10)
  6 wraiths
  A ynoxinul (Abyss:2)
  2 wyverns
  A basilisk (D:11)
  3 neqoxecs (Abyss:2)
  Grum (D:8)
  A steam dragon (D:7)
  Eustachio (D:4)
  3 wargs (D:12)
  2 acid dragons
  A water moccasin (D:7)
  6 ice beasts
  9 orc warriors
  A black bear (D:11)
  A sky beast (D:8)
  An ogre (D:6)
  4 wolves (D:8)
  7 centaurs
  A phantom (D:7)
  5 bullfrogs
  5 scorpions
  16 wights
  14 killer bees
  5 howler monkeys
  8 hounds
  2 jellies
  A gnoll bouda (D:8)
  5 orc priests
  6 orc wizards
  7 iguanas
  Natasha (thrice) (D:3)
  3 gnolls (D:8)
  5 adders
  A shadow imp (D:6)
  A white imp (D:5)
  3 ufetubi
  3 worms (D:3)
  3 dart slugs
  35 orcs
  4 bats
  5 endoplasms
  2 giant cockroaches (D:2)
  8 goblins
  6 hobgoblins
  5 jackals
  3 quokkas
  5 ball pythons
  5 frilled lizards
  8 kobolds
  12 rats
  2 bushes (D:3)
296 creatures vanquished.

Vanquished Creatures (others)
  9 fungi (D:8)
  16 plants
  3 starspawn tentacles (Abyss:1)
28 creatures vanquished.

Grand Total: 324 creatures vanquished

Notes
Turn   | Place    | Note
-------+----------+-------------------------------------------
     0 | D:5      | Reached skill level 9 in Stealth
     0 | D:5      | leafyfresh the Gnoll Delver began the quest for the Orb.
     0 | D:5      | Reached XP level 1. HP: 23/23 MP: 1/1
     2 | D:5      | Noticed a hound
     3 | D:5      | Noticed a scorpion
     4 | D:5      | Noticed a centaur
    17 | D:5      | Noticed a hound
    18 | D:5      | Noticed an iguana
    28 | D:5      | Noticed an iguana
    33 | D:4      | Noticed a hound
   270 | D:2      | Reached XP level 2. HP: 29/29 MP: 2/2
   501 | D:1      | Reached XP level 3. HP: 35/35 MP: 3/3
   657 | D:1      | Found a faded altar of an unknown god.
   878 | D:1      | Reached skill level 1 in Invocations
  1389 | D:2      | Reached skill level 1 in Short Blades
  1389 | D:2      | Reached skill level 1 in Axes
  1389 | D:2      | Reached skill level 1 in Maces & Flails
  1389 | D:2      | Reached skill level 1 in Polearms
  1389 | D:2      | Reached skill level 1 in Staves
  1389 | D:2      | Reached skill level 1 in Ranged Weapons
  1389 | D:2      | Reached skill level 1 in Throwing
  1389 | D:2      | Reached skill level 1 in Armour
  1389 | D:2      | Reached skill level 1 in Shields
  1389 | D:2      | Reached skill level 1 in Unarmed Combat
  1389 | D:2      | Reached skill level 1 in Spellcasting
  1389 | D:2      | Reached skill level 1 in Evocations
  1509 | D:2      | Reached XP level 4. HP: 41/41 MP: 5/5
  1920 | D:3      | Found Kuilal's Antique Weapon Shoppe.
  1959 | D:3      | Noticed Natasha
  1968 | D:3      | Killed Natasha
  1969 | D:3      | Reached skill level 1 in Conjurations
  1969 | D:3      | Reached skill level 1 in Hexes
  1969 | D:3      | Reached skill level 1 in Summonings
  1969 | D:3      | Reached skill level 1 in Necromancy
  1969 | D:3      | Reached skill level 1 in Translocations
  1969 | D:3      | Reached skill level 1 in Transmutations
  1969 | D:3      | Reached skill level 1 in Fire Magic
  1969 | D:3      | Reached skill level 1 in Ice Magic
  1969 | D:3      | Reached skill level 1 in Air Magic
  1969 | D:3      | Reached skill level 1 in Earth Magic
  1969 | D:3      | Reached skill level 1 in Poison Magic
  2039 | D:3      | Noticed Natasha
  2056 | D:3      | Killed Natasha
  2061 | D:3      | Noticed Natasha
  2071 | D:3      | Killed Natasha
  2072 | D:3      | Reached XP level 5. HP: 5/47 MP: 7/7
  3324 | D:3      | Reached XP level 6. HP: 53/53 MP: 8/8
  3494 | D:4      | Noticed an ice beast
  3494 | D:4      | Found Gecafa's Magic Scroll Shop.
  3514 | D:4      | Found an iron altar of Okawaru.
  3529 | D:3      | Reached skill level 5 in Long Blades
  3529 | D:3      | Reached skill level 5 in Dodging
  3795 | D:4      | Found a hazy altar of Hepliaklqana.
  3799 | D:4      | Became a worshipper of Warmaster Okawaru
  4027 | D:3      | Bought a bone falchion for 216 gold pieces
  4027 | D:3      | Identified the +10 falchion of Deepnuth {vorpal, rN++} (You
                  | bought it in a shop on level 3 of the Dungeon)
  4224 | D:4      | Killed an ice beast
  4225 | D:4      | Reached XP level 7. HP: 41/60 MP: 10/10
  4510 | D:4      | Found a staircase to the Ecumenical Temple.
  4687 | D:4      | Noticed Eustachio
  4705 | D:4      | Killed Eustachio
  4919 | D:4      | Reached skill level 10 in Stealth
  4990 | D:5      | Reached * piety under Okawaru
  5134 | D:4      | Reached XP level 8. HP: 59/67 MP: 12/12
  5361 | D:5      | Found Goumirph's Magic Scroll Shop.
  5550 | D:5      | Reached ** piety under Okawaru
  6089 | D:6      | Found a sacrificial altar of Ru.
  6509 | D:6      | Found an ornate altar of the Wu Jian Council.
  6648 | D:6      | You fall into a shaft and drop 3 floors!
  6853 | D:9      | Learned a level 3 spell: Mephitic Cloud
  6857 | D:9      | Learned a level 3 spell: Conjure Flame
  6861 | D:9      | Learned a level 3 spell: Ignite Poison
  6885 | D:9      | Reached XP level 9. HP: 47/73 MP: 11/14
  7338 | D:8      | Noticed Joseph
  7537 | D:6      | Reached *** piety under Okawaru
  7895 | D:6      | Noticed a deep elf pyromancer
  8340 | D:6      | Killed a deep elf pyromancer
  8341 | D:6      | Reached skill level 5 in Invocations
  8538 | D:7      | Received a gift from Okawaru
  9090 | D:7      | Reached skill level 5 in Short Blades
  9090 | D:7      | Reached skill level 5 in Axes
  9090 | D:7      | Reached skill level 5 in Maces & Flails
  9090 | D:7      | Reached skill level 5 in Polearms
  9090 | D:7      | Reached skill level 5 in Staves
  9090 | D:7      | Reached skill level 5 in Ranged Weapons
  9090 | D:7      | Reached skill level 5 in Throwing
  9090 | D:7      | Reached skill level 5 in Armour
  9090 | D:7      | Reached skill level 5 in Shields
  9090 | D:7      | Reached skill level 5 in Unarmed Combat
  9090 | D:7      | Reached skill level 5 in Spellcasting
  9090 | D:7      | Reached skill level 5 in Evocations
  9090 | D:7      | Reached XP level 10. HP: 81/81 MP: 17/17
  9276 | D:7      | Found a shadowy altar of Dithmenos.
  9342 | D:7      | Found an ancient bone altar of Kikubaaqudgha.
  9431 | D:7      | Reached **** piety under Okawaru
  9927 | D:8      | Reached skill level 11 in Stealth
 10610 | D:8      | Killed Joseph
 10611 | D:8      | Reached skill level 5 in Earth Magic
 11620 | D:8      | Found a glowing silver altar of Zin.
 11632 | D:8      | Noticed Grum
 11663 | D:8      | Killed Grum
 12096 | D:8      | Found a white marble altar of Elyvilon.
 12165 | D:8      | Found a basalt altar of Yredelemnul.
 12233 | D:8      | Found a blossoming altar of Fedhas.
 12260 | D:8      | Paralysed by a hornet for 3 turns
 13040 | D:8      | Learned a level 4 spell: Olgreb's Toxic Radiance
 13098 | D:9      | Found a radiant altar of Vehumet.
 13341 | D:9      | Reached skill level 5 in Conjurations
 13341 | D:9      | Reached skill level 5 in Hexes
 13341 | D:9      | Reached skill level 5 in Summonings
 13341 | D:9      | Reached skill level 5 in Necromancy
 13341 | D:9      | Reached skill level 5 in Translocations
 13341 | D:9      | Reached skill level 5 in Transmutations
 13341 | D:9      | Reached skill level 5 in Fire Magic
 13341 | D:9      | Reached skill level 5 in Ice Magic
 13341 | D:9      | Reached skill level 5 in Air Magic
 13341 | D:9      | Reached skill level 5 in Poison Magic
 13341 | D:9      | Reached XP level 11. HP: 75/89 MP: 9/20
 13434 | D:9      | Received a gift from Okawaru
 13948 | D:10     | Entered Level 10 of the Dungeon
 14003 | D:10     | Found a bloodstained altar of Trog.
 14901 | D:10     | Reached ***** piety under Okawaru
 15653 | D:11     | Identified a scroll of acquirement
 15727 | D:11     | Found a staircase to the Lair.
 15727 | D:11     | Noticed a cyan ugly thing
 15747 | D:11     | Received a gift from Okawaru
 15777 | D:11     | Killed a cyan ugly thing
 15999 | D:11     | Noticed a two-headed ogre
 16364 | D:11     | Noticed Sonja
 16426 | Lair:1   | Entered Level 1 of the Lair of Beasts
 16427 | Lair:1   | Acquired 997 gold pieces
 16430 | Lair:1   | Gained mutation: You have an increased reservoir of magic.
                  | (+10% MP) [potion of mutation]
 16430 | Lair:1   | Gained mutation: You are clumsy. (Dex -2) [potion of
                  | mutation]
 16431 | Lair:1   | Lost mutation: You are clumsy. (Dex -2) [potion of
                  | mutation]
 16431 | Lair:1   | Lost mutation: You have an increased reservoir of magic.
                  | (+10% MP) [potion of mutation]
 16431 | Lair:1   | Gained mutation: You occasionally shout uncontrollably at
                  | your foes. [potion of mutation]
 16868 | D:11     | Noticed Josephine
 16882 | D:11     | Killed Josephine
 17245 | D:11     | Killed a two-headed ogre
 17343 | D:11     | Noticed a cyan ugly thing
 17385 | D:12     | Noticed a phantasmal warrior
 17385 | D:12     | Found a runed translucent gate.
 17385 | D:12     | Found a runed translucent gate.
 17385 | D:12     | Found a runed translucent gate.
 17635 | D:12     | Noticed qeuew's ghost (journeyman SpEn)
 17637 | D:12     | Noticed a red ugly thing
 17647 | D:12     | Killed a red ugly thing
 17648 | D:12     | Reached XP level 12. HP: 87/97 MP: 20/22
 17706 | D:12     | Found a staircase to the Orcish Mines.
 17861 | D:12     | Noticed Nergalle
 17953 | D:12     | Reached skill level 12 in Stealth
 18944 | D:12     | Noticed Gastronok
 18968 | D:12     | Killed Gastronok
 18969 | D:12     | Reached skill level 10 in Fighting
 19503 | D:5      | Bought a scroll of teleportation for 39 gold pieces
 19503 | D:5      | Bought a scroll of identify for 26 gold pieces
 19503 | D:5      | Bought a scroll of teleportation for 39 gold pieces
 19661 | D:4      | Bought a scroll of identify for 28 gold pieces
 19661 | D:4      | Bought a scroll of identify for 28 gold pieces
 19862 | D:2      | Learned a level 1 spell: Apportation
 20210 | D:11     | Noticed Harold
 20227 | D:11     | Killed Harold
 20598 | Abyss:1  | Cast into level 1 of the Abyss (Sonja)
 20657 | Abyss:1  | Found a radiant altar of Vehumet.
 20718 | Abyss:1  | Noticed a tentacled starspawn
 20798 | Abyss:1  | Noticed a tentacled starspawn
 20828 | Abyss:1  | Received a gift from Okawaru
 20859 | Abyss:1  | Noticed a tentacled starspawn
 20870 | Abyss:2  | Noticed a wretched star
 21290 | Abyss:2  | Noticed a thrashing horror
 21318 | Abyss:2  | Noticed a thrashing horror
 21349 | Abyss:2  | Received a gift from Okawaru
 21350 | Abyss:2  | Noticed a rakshasa
 21365 | Abyss:2  | Killed a rakshasa
 21382 | Abyss:2  | Noticed a yellow draconian
 21397 | Abyss:2  | Killed a yellow draconian
 21482 | Abyss:2  | Noticed a tentacled starspawn
 21590 | Abyss:2  | Noticed a large abomination
 21629 | Abyss:2  | Killed a large abomination
 21630 | Abyss:2  | Reached XP level 13. HP: 37/104 MP: 18/25
 21652 | Abyss:2  | HP: 5/104 [iron giant zombie (32)]
 21811 | Abyss:2  | Identified the +1 hat "Qozuizes" {rPois rN+} (Okawaru
                  | gifted it to you on level 2 of the Abyss)
 21811 | Abyss:2  | Received a gift from Okawaru
 22135 | Abyss:2  | Noticed a starcursed mass
 22142 | Abyss:2  | Noticed a tentacled starspawn
 22178 | Abyss:2  | Noticed a starcursed mass
 22186 | Abyss:2  | Slain by a tentacled starspawn

Illustrated notes

Levels and vault maps discovered:
D:1:      tarquinn_simple_flora_water_e, layout_loops_ring,
          hellmonk_ecumenical_altar_run_dry, minmay_rat_gold_closets
D:2:      layout_basic, grunt_ministairs_6, nrook_mini_backslash,
          due_unseen_surprise
D:3:      layout_loops_corners, serial_shops,
          nicolae_shop_temple_entry_statues_fountains, lexackson_kobold_supper,
          uniq_natasha
D:4:      layout_layer_cave, nicolae_overflow_hidden_temple,
          grunt_temple_overflow_open, minmay_temple_entry_junction,
          serial_shops, nicolae_shop_waterfront, uniq_eustachio
D:5:      layout_rooms, serial_shops, nicolae_shop_crystal
D:6:      layout_rooms, nzn_wu_jian_contemplation, nicolae_ru_awakened_eye,
          guppyfry_early_elven_hall
D:7:      layout_loops_cross, grunt_dithmenos_smoke_and_mirrors,
          mainiacjoe_overflow_catwalk, minmay_manual_moon
D:8:      layout_basic, kennysheep_ying_yang, fedhas_altar_3,
          mainiacjoe_overflow_chevrons, enter_bailey_5,
          chequers_serial_rivers_marsh, uniq_grum, uniq_joseph
D:9:      layout_loops_ring, vehumet_statue
D:10:     layout_layer_cave, trog_butcher_becter, hex_medium,
          kennysheep_generic_room_3
D:11:     layout_roguey, david_lair_generic, uniq_sonja, uniq_harold,
          uniq_josephine
D:12:     layout_roguey, minmay_orc_entry_guard_dogs, gammafunk_ghost_spectres,
          uniq_nergalle, uniq_gastronok
Lair:1:   layout_chaotic_city, lemuel_oklob_altar, serial_bayou_shore_b,
          grunt_megastairs_3, serial_bayou_shore_a, infiniplex_staircase_pool_2,
          uniq_amaemon
Abyss:2:  base:
D:1

Skill      XL: |  1  2  3  4  5  6  7  8  9 10 11 12 13 |
---------------+----------------------------------------+-----
Stealth        | 10 11 12 | 12.6
Invocations    | 1 2 3 4 5 6 7 8 9 |  9.2
Short Blades   | 1 2 3 5 6 7 8 |  8.4
Axes           | 1 2 3 5 6 7 8 |  8.4
Maces & Flails | 1 2 3 5 6 7 8 |  8.4
Polearms       | 1 2 3 5 6 7 8 |  8.4
Staves         | 1 2 3 5 6 7 8 |  8.4
Ranged Weapons | 1 2 3 5 6 7 8 |  8.4
Throwing       | 1 2 3 5 6 7 8 |  8.4
Armour         | 1 2 3 5 6 7 8 |  8.4
Shields        | 1 2 3 5 6 7 8 |  8.4
Unarmed Combat | 1 2 3 5 6 7 8 |  8.4
Spellcasting   | 1 2 3 5 6 7 8 |  8.4
Evocations     | 1 2 3 5 6 7 8 |  8.4
Conjurations   | 1 2 3 4 5 6 7 |  7.0
Hexes          | 1 2 3 4 5 6 7 |  7.0
Summonings     | 1 2 3 4 5 6 7 |  7.0
Necromancy     | 1 2 3 4 5 6 7 |  7.0
Translocations | 1 2 3 4 5 6 7 |  7.0
Transmutations | 1 2 3 4 5 6 7 |  7.0
Fire Magic     | 1 2 3 4 5 6 7 |  7.0
Ice Magic      | 1 2 3 4 5 6 7 |  7.0
Air Magic      | 1 2 3 4 5 6 7 |  7.0
Earth Magic    | 1 2 3 4 5 7 8 9 |  9.0
Poison Magic   | 1 2 3 4 5 6 7 |  7.0
Long Blades    | 5 6 7 8 9 |  9.7
Dodging        | 5 6 7 8 9 |  9.7
Fighting       | 7 8 9 10 | 10.7

Action                   |  1- 3 |  4- 6 |  7- 9 | 10-12 | 13-15 || total
-------------------------+-------+-------+-------+-------+-------++-------
Melee: Falchion          |    80 |    16 |   177 |   589 |    83 ||   945
       Bite              |     4 |    52 |    19 |    87 |    18 ||   180
       Spear             |       |   266 |       |       |       ||   266
       Punch             |       |     9 |     4 |    30 |    11 ||    54
 Cast: Mephitic Cloud    |       |       |     2 |     6 |       ||     8
       Conjure Flame     |       |       |     1 |     2 |       ||     3
       Olgreb's Toxic Ra |       |       |       |    14 |       ||    14
       Ignite Poison     |       |       |       |     7 |       ||     7
Invok: Heroism           |       |       |     1 |    10 |     3 ||    14
       Finesse           |       |       |       |     3 |     3 ||     6
  Use: Scroll            |       |     5 |     4 |    15 |       ||    24
       Potion            |       |       |     1 |    15 |     1 ||    17
 Stab: Sleeping          |    19 |    10 |     9 |    12 |       ||    50
       Distracted        |       |     1 |       |       |     1 ||     2
       Confused          |       |       |     1 |       |       ||     1
       Fleeing           |       |       |       |     1 |       ||     1
Armor: Leather armour    |    12 |    14 |    19 |     6 |       ||    51
       Steam dragon scal |       |       |       |    66 |     6 ||    72
Dodge: Dodged            |    63 |    56 |   159 |   412 |    32 ||   722
